Panthers vs BlueJackets

Created - Monday, December 01, 2014 at 21:35

Goals
1 2 3 T
Panthers 2 3 1 6
BlueJackets 3 5 0 8
Shots
1 2 3 T
Panthers 10 17 3 30
BlueJackets 7 13 7 27

1st period

1. BlueJackets , David Desharnais 7 (Erik Cole, Tobias Enstrom) at 14:38 (PP)
2. BlueJackets , Teddy Purcell 4 (Ron Hainsey) at 16:28
3. Panthers , Jakob Silfverberg 4 (Dustin Penner, Shawn Horcoff) at 18:39
4. BlueJackets , Derick Brassard 8 (Brent Burns) at 19:09
5. Panthers , Josh Bailey 4 (Mats Zuccarello) at 19:33

Penalties :
Ryan Garbutt (Clb) for Hooking (Minor) at 3:03, Brad Boyes (Fla) for High sticking (Minor) at 13:56

2nd period

6. BlueJackets , Brent Burns 10 (Justin Williams, Tobias Enstrom) at 3:01 (PP)
7. BlueJackets , Teddy Purcell 5 (Erik Cole, David Desharnais) at 3:47 (PP)
8. BlueJackets , Andrej Meszaros 2 (Kevin Klein, Brent Burns) at 6:43
9. Panthers , Alex Galchenyuk 7 (David Booth) at 7:31
10. BlueJackets , Ron Hainsey 3 (Justin Williams, Brent Burns) at 10:14 (PP)
11. Panthers , Josh Bailey 5 (Mats Zuccarello, Adam Larsson) at 10:42
12. Panthers , Jake Gardiner 2 (Shawn Horcoff) at 10:48
13. BlueJackets , Derick Brassard 9 (Brent Burns) at 11:08

Penalties :
Jakob Silfverberg (Fla) for Roughing (Minor) at 2:56, Brad Boyes (Fla) for Hooking (Minor) at 3:36, Paul Ranger (Fla) for Goalie Interference (Minor) at 10:02, Andrew Ference (Clb) for Holding (Minor) at 19:52

3rd period

14. Panthers , Seth Jones 3 (Josh Bailey, Brad Boyes) at 3:49 (PP)

Penalties :
Brendan Smith (Clb) for Tripping (Minor) at 3:42, Shawn Horcoff (Fla) for Cross-checking (Minor) at 4:36, Paul Ranger (Fla) for Hooking (Minor) at 13:19, Shawn Horcoff (Fla) for Holding (Minor) at 16:00

Goalie Stats

Martin Biron (Fla), 15 saves from 19 shots - (0.789), 51:53 minutes
Cal Heeter (Fla), 4 saves from 8 shots - (0.500), L, 3-15-0, 8:07 minutes
Joni Ortio (Clb), 24 saves from 30 shots - (0.800), W, 2-13-0, 60:00 minutes

Players Stats for Panthers

Player Name              G  A  P  +/- PIM S  H  SB GA TA FO     MP     PP MP  PK MP  
------------------------------------------------------------------------------------
Adam Larsson             0  1  1   1  0   1  0  5  1  1  0/0    19:17   1:37   4:13 
Alex Galchenyuk          1  0  1   0  0   2  0  1  6  0  2/6    12:48   0:00   0:00 
Brad Boyes               0  1  1   1  4   1  2  1  2  0  2/14   23:14   2:18   4:05 
Calvin de Haan           0  0  0   0  0   0  0  0  0  0  0/0     0:00   0:00   0:00 
Colin McDonald           0  0  0   0  0   0  1  0  0  0  0/0     8:09   0:00   0:00 
David Booth              0  1  1   0  0   2  0  0  1  0  0/1    15:36   0:00   0:51 
Dustin Penner            0  1  1   0  0   0  3  0  2  0  1/2    18:22   1:47   0:15 
Jake Gardiner            1  0  1   0  0   3  1  1  0  2  0/0    27:24   0:00   2:54 
Jakob Silfverberg        1  0  1   0  2   7  0  1  2  0  1/1    17:29   1:47   0:00 
Joe Colborne             0  0  0   0  0   0  2  0  2  0  0/1    15:19   0:00   2:00 
Josh Bailey              2  1  3   1  0   2  0  0  3  0  0/1    15:21   2:18   1:06 
Marco Scandella          0  0  0   1  0   2  0  3  1  2  0/0    27:50   2:28   2:54 
Mats Zuccarello          0  2  2   1  0   0  0  1  1  0  1/10   19:32   2:18   5:15 
Nino Niederreiter        0  0  0   0  0   2  2  0  0  0  2/4     8:09   0:00   0:00 
Paul Ranger              0  0  0  -1  4   1  2  2  0  2  0/0    18:51   1:37   3:16 
Seth Jones               1  0  1   1  0   4  1  1  3  1  0/0    19:28   2:28   0:57 
Shawn Horcoff            0  2  2   0  4   2  4  0  1  1  8/14   18:24   1:47   0:42 
Simon Despres            0  0  0   0  0   1  1  0  0  0  0/0     7:33   0:00   0:00 

Players Stats for BlueJackets

Player Name              G  A  P  +/- PIM S  H  SB GA TA FO     MP     PP MP  PK MP  
------------------------------------------------------------------------------------
Andrej Meszaros          1  0  1   0  0   4  2  2  1  1  0/0    17:59   3:00   2:06 
Andrew Ference           0  0  0  -3  2   0  3  2  0  6  0/0    27:23   4:07   1:59 
Antoine Roussel          0  0  0  -1  0   3  1  0  2  1  0/0    16:23   0:55   0:20 
Brendan Smith            0  0  0   0  2   0  0  1  0  0  0/0     6:21   0:00   0:00 
Brent Burns              1  4  5   2  0   3  4  0  4  1  2/5    23:27   3:29   2:46 
David Desharnais         1  1  2  -1  0   2  1  0  1  0  12/13  17:09   2:49   0:00 
David Savard             0  0  0   2  0   1  0  3  0  2  0/0    14:45   0:00   0:00 
Derick Brassard          2  0  2   1  0   2  1  0  1  1  17/21  18:42   4:18   0:59 
Erik Cole                0  2  2  -2  0   1  5  0  2  1  0/0    18:07   2:43   0:00 
Gabriel Bourque          0  0  0  -1  0   1  2  0  0  0  1/1    13:00   0:00   0:00 
Justin Williams          0  2  2   1  0   3  1  0  0  0  0/0    18:10   4:18   0:59 
Kevin Klein              0  1  1   0  0   1  0  1  0  0  0/0    10:58   0:00   0:00 
Ron Hainsey              1  1  2   2  0   1  1  1  1  0  0/0    19:28   3:00   0:14 
Ryan Garbutt             0  0  0   1  2   0  0  0  1  0  0/0     7:22   0:00   0:00 
Teddy Purcell            2  0  2  -2  0   2  0  0  0  1  1/2    20:45   2:49   2:46 
Tobias Enstrom           0  2  2  -3  0   3  1  1  0  3  0/0    23:12   4:07   3:51 
Vernon Fiddler           0  0  0   1  0   0  0  0  0  1  0/2     8:05   0:00   0:20 
Vincent Lecavalier       0  0  0  -2  0   0  2  1  2  0  4/10   14:36   0:00   0:00 

3 Stars

1 - Brent Burns (Clb)
2 - Josh Bailey (Fla)
3 - Derick Brassard (Clb)

Power Play

Panthers - 1 on 3 Attempt(s) - 33.33%
BlueJackets - 4 on 7 Attempt(s) - 57.14%

Penalty Kill

Panthers - 3 on 7 Attempt(s) - 42.86% - Score 0 goal in Penalty Kill
BlueJackets - 2 on 3 Attempt(s) - 66.67% - Score 0 goal in Penalty Kill

Official

Referees : Unknown
Linesman : Unknown

Game Notes

Cal Heeter enters game at 3:01 of 2nd period
Martin Biron enters game at 11:08 of 2nd period

Finance

Level 1 -- Attendance: 3868 (64.47%) -- Ticket Income $386,800
Level 2 -- Attendance: 3839 (76.78%) -- Ticket Income $230,340
Level 3 -- Attendance: 1351 (67.55%) -- Ticket Income $47,285
Level 4 -- Attendance: 2779 (69.48%) -- Ticket Income $55,580
Luxury Box -- Attendance: 748 (74.80%) -- Ticket Income $149,600
Game was played at the Nationwide Arena
Total Attendance: 12585 (69.92%)
Total Ticket Income: $869,605
Other Income: $426,106
Total Income: $1,295,711

Panthers

5 vs 5 Forward 
   Center                   Left Wing                Right Wing               Time % Phy DF OF 
 1 Brad Boyes               Mats Zuccarello          Josh Bailey              35     1   2  2  
 2 Shawn Horcoff            Dustin Penner            Jakob Silfverberg        30     1   2  2  
 3 Alex Galchenyuk          David Booth              Joe Colborne             22     1   2  2  
 4 Nino Niederreiter        Colin McDonald           Brad Boyes               13     1   2  2  

5 vs 5 Defense 
   Defense                  Defense                                           Time % Phy DF OF 
 1 Marco Scandella          Seth Jones                                        35     1   2  2  
 2 Jake Gardiner            Paul Ranger                                       30     1   2  2  
 3 Jake Gardiner            Adam Larsson                                      22     1   2  2  
 4 Marco Scandella          Simon Despres                                     13     1   2  2  

PowerPlay Forward 
   Center                   Left Wing                Right Wing               Time % Phy DF OF 
 1 Brad Boyes               Mats Zuccarello          Josh Bailey              60     1   2  2  
 2 Shawn Horcoff            Dustin Penner            Jakob Silfverberg        40     1   2  2  

PowerPlay Defense
   Defense                  Defense                                           Time % Phy DF OF 
 1 Marco Scandella          Seth Jones                                        60     1   2  2  
 2 Adam Larsson             Paul Ranger                                       40     1   2  2  

Penalty Kill 4 Players Forward 
   Center                   Wing                     Time % Phy DF OF 
 1 Mats Zuccarello          Brad Boyes               60     1   2  2  
 2 Shawn Horcoff            Josh Bailey              40     1   2  2  

Penalty Kill 4 Players Defense
   Defense                  Defense                  Time % Phy DF OF 
 1 Marco Scandella          Jake Gardiner            60     1   2  2  
 2 Adam Larsson             Paul Ranger              40     1   2  2  

Penalty Kill - 3 Players Forward 
   Forward                                           Time % Phy DF OF 
 1 Mats Zuccarello                                   60     1   2  2  
 2 Brad Boyes                                        40     1   2  2  

Penalty Kill - 3 Players Defense
   Defense                  Defense                  Time % Phy DF OF 
 1 Marco Scandella          Seth Jones               60     1   2  2  
 2 Adam Larsson             Paul Ranger              40     1   2  2  

4 vs 4 Forward 
   Center                   Wing                     Time % Phy DF OF 
 1 Mats Zuccarello          Brad Boyes               60     1   2  2  
 2 Shawn Horcoff            Josh Bailey              40     1   2  2  

4 vs 4 Defense
   Defense                  Defense                  Time % Phy DF OF 
 1 Marco Scandella          Adam Larsson             60     1   2  2  
 2 Jake Gardiner            Paul Ranger              40     1   2  2  

Last Minutes Offensive
   Center                   Left Wing                Right Wing               Defense                  Defense                  
   Brad Boyes               Mats Zuccarello          Josh Bailey              Marco Scandella          Seth Jones               

Last Minutes Defensive
   Center                   Left Wing                Right Wing               Defense                  Defense                  
   Brad Boyes               Mats Zuccarello          Josh Bailey              Marco Scandella          Seth Jones               

Goaltenders
Starting : Martin Biron             
Backup : Cal Heeter               

Extra Forwards
Normal : Alex Galchenyuk, David Booth, Joe Colborne - PP : Alex Galchenyuk, David Booth - PK : Joe Colborne
Extra Defensemen
Normal : Marco Scandella, Adam Larsson, Paul Ranger - PP : Marco Scandella - PK : Adam Larsson, Marco Scandella
Penalty Shots
Mats Zuccarello, Brad Boyes, Shawn Horcoff, Josh Bailey, Dustin Penner

BlueJackets

5 vs 5 Forward 
   Center                   Left Wing                Right Wing               Time % Phy DF OF 
 1 Derick Brassard          Justin Williams          Brent Burns              35     1   2  2  
 2 Vincent Lecavalier       Teddy Purcell            Erik Cole                30     1   2  2  
 3 David Desharnais         Gabriel Bourque          Antoine Roussel          22     1   2  2  
 4 Vernon Fiddler           Ryan Garbutt             Brent Burns              13     1   2  2  

5 vs 5 Defense 
   Defense                  Defense                                           Time % Phy DF OF 
 1 Tobias Enstrom           Andrew Ference                                    35     1   2  2  
 2 David Savard             Ron Hainsey                                       30     1   2  2  
 3 Kevin Klein              Andrej Meszaros                                   22     1   2  2  
 4 Brendan Smith            Andrew Ference                                    13     1   2  2  

PowerPlay Forward 
   Center                   Left Wing                Right Wing               Time % Phy DF OF 
 1 Derick Brassard          Justin Williams          Brent Burns              60     1   2  2  
 2 David Desharnais         Teddy Purcell            Erik Cole                40     1   2  2  

PowerPlay Defense
   Defense                  Defense                                           Time % Phy DF OF 
 1 Tobias Enstrom           Andrew Ference                                    60     1   2  2  
 2 Andrej Meszaros          Ron Hainsey                                       40     1   2  2  

Penalty Kill 4 Players Forward 
   Center                   Wing                     Time % Phy DF OF 
 1 Brent Burns              Teddy Purcell            60     1   2  2  
 2 Derick Brassard          Justin Williams          40     1   2  2  

Penalty Kill 4 Players Defense
   Defense                  Defense                  Time % Phy DF OF 
 1 Tobias Enstrom           Andrew Ference           60     1   2  2  
 2 Andrej Meszaros          Ron Hainsey              40     1   2  2  

Penalty Kill - 3 Players Forward 
   Forward                                           Time % Phy DF OF 
 1 Brent Burns                                       60     1   2  2  
 2 Derick Brassard                                   40     1   2  2  

Penalty Kill - 3 Players Defense
   Defense                  Defense                  Time % Phy DF OF 
 1 Tobias Enstrom           Andrew Ference           60     1   2  2  
 2 Andrej Meszaros          Ron Hainsey              40     1   2  2  

4 vs 4 Forward 
   Center                   Wing                     Time % Phy DF OF 
 1 Brent Burns              David Desharnais         60     1   2  2  
 2 Derick Brassard          Teddy Purcell            40     1   2  2  

4 vs 4 Defense
   Defense                  Defense                  Time % Phy DF OF 
 1 Andrej Meszaros          Andrew Ference           60     1   2  2  
 2 Tobias Enstrom           Ron Hainsey              40     1   2  2  

Last Minutes Offensive
   Center                   Left Wing                Right Wing               Defense                  Defense                  
   Derick Brassard          Justin Williams          Brent Burns              Tobias Enstrom           Andrew Ference           

Last Minutes Defensive
   Center                   Left Wing                Right Wing               Defense                  Defense                  
   Derick Brassard          Justin Williams          Brent Burns              Tobias Enstrom           Andrew Ference           

Goaltenders
Starting : Joni Ortio               
Backup : Matt Climie              

Extra Forwards
Normal : David Desharnais, Brent Burns, Vernon Fiddler - PP : David Desharnais, Brent Burns - PK : Vernon Fiddler
Extra Defensemen
Normal : Brent Burns, Andrej Meszaros, Andrew Ference - PP : Brent Burns - PK : Andrej Meszaros, Brent Burns
Penalty Shots
Brent Burns, Vernon Fiddler, Derick Brassard, Justin Williams, Teddy Purcell

% Time on Ice - Panthers

Lines # - Real PCT - Wanted PCT - Time Play
Normal Forward
1 - 25% - 35% - 12:24
2 - 32% - 30% - 15:49
3 - 25% - 22% - 12:26
4 - 17% - 13% - 8:09
Normal Defense
1 - 35% - 35% - 16:51
2 - 28% - 30% - 13:35
3 - 22% - 22% - 10:49
4 - 15% - 13% - 7:33
PP Forward
1 - 56% - 60% - 2:18
2 - 44% - 40% - 1:47
PP Defense
1 - 60% - 60% - 2:28
2 - 40% - 40% - 1:37
PK Forward
1 - 85% - 60% - 6:01
2 - 15% - 40% - 1:06
PK Defense
1 - 41% - 60% - 2:54
2 - 59% - 40% - 4:13
PK3 Forward
1 - 0% - 60%
2 - 0% - 40%
PK3 Defense
1 - 0% - 60%
2 - 0% - 40%
44 Forward
1 - 0% - 60%
2 - 0% - 40%
44 Defense
1 - 0% - 60%
2 - 0% - 40%
Last Minute Offensive  - 0:00
Last Minute Defensive  - 0:00
Total
Forward - 60:00
Defense - 60:00

% Time on Ice - BlueJackets

Lines # - Real PCT - Wanted PCT - Time Play
Normal Forward
1 - 27% - 35% - 13:19
2 - 32% - 30% - 15:24
3 - 27% - 22% - 13:00
4 - 15% - 13% - 7:05
Normal Defense
1 - 31% - 35% - 15:14
2 - 33% - 30% - 16:14
3 - 22% - 22% - 10:58
4 - 13% - 13% - 6:22
PP Forward
1 - 60% - 60% - 4:18
2 - 40% - 40% - 2:49
PP Defense
1 - 58% - 60% - 4:07
2 - 42% - 40% - 3:00
PK Forward
1 - 76% - 60% - 3:06
2 - 24% - 40% - 0:59
PK Defense
1 - 94% - 60% - 3:51
2 - 6% - 40% - 0:14
PK3 Forward
1 - 0% - 60%
2 - 0% - 40%
PK3 Defense
1 - 0% - 60%
2 - 0% - 40%
44 Forward
1 - 0% - 60%
2 - 0% - 40%
44 Defense
1 - 0% - 60%
2 - 0% - 40%
Last Minute Offensive  - 0:00
Last Minute Defensive  - 0:00
Total
Forward - 60:00
Defense - 60:00

Play by Play

1st period


0:01 of 1st period - Derick Brassard wins face-off versus Brad Boyes in neutral zone.
0:06 of 1st period - Slapshot by Tobias Enstrom.
0:06 of 1st period - Shot Misses the Net.
0:08 of 1st period - Wrist shot by Justin Williams.
0:08 of 1st period - Shot Blocked by Marco Scandella.
0:10 of 1st period - Slapshot by Andrew Ference.
0:10 of 1st period - Deflect By Brent Burns.
0:10 of 1st period - Shot Blocked by Mats Zuccarello.
0:10 of 1st period - Puck is out of play.
0:11 of 1st period - Derick Brassard wins face-off versus Brad Boyes in Panthers zone.
1:10 of 1st period - Teddy Purcell is hit by Shawn Horcoff and loses puck.
1:19 of 1st period - Slapshot by Jakob Silfverberg.
1:19 of 1st period - Stopped by Joni Ortio with a rebound.
1:34 of 1st period - Erik Cole is hit by Dustin Penner and loses puck.
1:57 of 1st period - Adam Larsson is hit by Ron Hainsey and loses puck.
2:33 of 1st period - Simon Despres is hit by Brent Burns and loses puck.
2:44 of 1st period - Vernon Fiddler is hit by Brad Boyes and loses puck.
2:53 of 1st period - Slapshot by Nino Niederreiter.
2:53 of 1st period - Stopped by Joni Ortio with a rebound.
2:55 of 1st period - Slapshot by Marco Scandella.
2:55 of 1st period - Shot Blocked by David Savard.
2:57 of 1st period - Slapshot by Simon Despres.
2:57 of 1st period - Stopped by Joni Ortio with a rebound.
3:03 of 1st period - Minor Penalty to Ryan Garbutt for Hooking.
3:04 of 1st period - Jakob Silfverberg wins face-off versus Brent Burns in BlueJackets zone.
4:23 of 1st period - Adam Larsson is hit by Andrew Ference and loses puck.
4:36 of 1st period - Snap shot by Jakob Silfverberg.
4:36 of 1st period - Stopped by Joni Ortio with a rebound.
5:03 of 1st period - Penalty to Ryan Garbutt is over, Ryan Garbutt is back on ice.
6:21 of 1st period - Nino Niederreiter is hit by Vincent Lecavalier and loses puck.
9:30 of 1st period - Wrist shot by Josh Bailey.
9:30 of 1st period - Shot Misses the Net.
9:32 of 1st period - Wrist shot by David Booth.
9:32 of 1st period - Stopped by Joni Ortio with a rebound.
10:10 of 1st period - Snap shot by Shawn Horcoff.
10:10 of 1st period - Stopped by Joni Ortio with a rebound.
10:45 of 1st period - Snap shot by Andrew Ference.
10:45 of 1st period - Shot Misses the Net.
10:57 of 1st period - Brad Boyes is hit by Gabriel Bourque and loses puck.
11:26 of 1st period - Paul Ranger is hit by Erik Cole and loses puck.
11:35 of 1st period - Erik Cole is hit by Jake Gardiner.
11:47 of 1st period - Snap shot by Dustin Penner.
11:47 of 1st period - Shot Misses the Net.
11:51 of 1st period - Snap shot by Dustin Penner.
11:51 of 1st period - Deflect By Ron Hainsey.
11:51 of 1st period - Shot Misses the Net.
11:51 of 1st period - Puck is out of play.
11:52 of 1st period - Shawn Horcoff wins face-off versus Vernon Fiddler in BlueJackets zone.
11:55 of 1st period - Slapshot by Jakob Silfverberg.
11:55 of 1st period - Stopped by Joni Ortio with a rebound.
12:29 of 1st period - Alex Galchenyuk is hit by Brent Burns and loses puck.
12:34 of 1st period - Snap shot by Brent Burns.
12:34 of 1st period - Shot Misses the Net.
13:56 of 1st period - Minor Penalty to Brad Boyes for High sticking.
13:57 of 1st period - Derick Brassard wins face-off versus Mats Zuccarello in Panthers zone.
14:12 of 1st period - Wrist shot by Justin Williams.
14:12 of 1st period - Stopped by Martin Biron with a rebound.
14:30 of 1st period - Tobias Enstrom is hit by Dustin Penner.
14:38 of 1st period - Wrist shot by David Desharnais.
14:38 of 1st period - Goal by David Desharnais - Panthers : 0 - BlueJackets : 1.
14:39 of 1st period - Dustin Penner wins face-off versus Teddy Purcell in neutral zone.
15:17 of 1st period - Andrej Meszaros is hit by Nino Niederreiter and loses puck.
16:04 of 1st period - Andrew Ference is hit by Paul Ranger and loses puck.
16:28 of 1st period - Backhand shot by Teddy Purcell.
16:28 of 1st period - Goal by Teddy Purcell - Panthers : 0 - BlueJackets : 2.
16:29 of 1st period - Derick Brassard wins face-off versus Brad Boyes in neutral zone.
16:37 of 1st period - Off-side.
16:38 of 1st period - Derick Brassard wins face-off versus Brad Boyes in neutral zone.
17:24 of 1st period - Slapshot by Gabriel Bourque.
17:24 of 1st period - Shot Misses the Net.
17:26 of 1st period - Slapshot by Antoine Roussel.
17:26 of 1st period - Deflect By David Desharnais.
17:26 of 1st period - Shot Misses the Net.
17:26 of 1st period - Puck is out of play.
17:27 of 1st period - David Desharnais wins face-off versus Alex Galchenyuk in Panthers zone.
17:28 of 1st period - Snap shot by Tobias Enstrom.
17:28 of 1st period - Shot Blocked by Marco Scandella.
17:30 of 1st period - Slapshot by Andrew Ference.
17:30 of 1st period - Shot Misses the Net.
17:32 of 1st period - Slapshot by Tobias Enstrom.
17:32 of 1st period - Shot Blocked by Alex Galchenyuk.
17:36 of 1st period - Wrist shot by David Desharnais.
17:36 of 1st period - Shot Blocked by Marco Scandella.
17:38 of 1st period - Slapshot by Tobias Enstrom.
17:38 of 1st period - Stopped by Martin Biron with a rebound.
17:40 of 1st period - Slapshot by Tobias Enstrom.
17:40 of 1st period - Stopped by Martin Biron without a rebound.
17:41 of 1st period - Vincent Lecavalier wins face-off versus Alex Galchenyuk in Panthers zone.
17:48 of 1st period - Snap shot by Vincent Lecavalier.
17:48 of 1st period - Shot Misses the Net.
18:22 of 1st period - Tobias Enstrom is hit by Shawn Horcoff and loses puck.
18:27 of 1st period - Snap shot by Dustin Penner.
18:27 of 1st period - Shot Misses the Net.
18:29 of 1st period - Slapshot by Marco Scandella.
18:29 of 1st period - Shot Blocked by Andrew Ference.
18:31 of 1st period - Slapshot by Paul Ranger.
18:31 of 1st period - Deflect By Jakob Silfverberg.
18:31 of 1st period - Stopped by Joni Ortio with a rebound.
18:39 of 1st period - Wrist shot by Jakob Silfverberg.
18:39 of 1st period - Goal by Jakob Silfverberg - Panthers : 1 - BlueJackets : 2.
18:40 of 1st period - Derick Brassard wins face-off versus Dustin Penner in neutral zone.
19:09 of 1st period - Wrist shot by Derick Brassard.
19:09 of 1st period - Goal by Derick Brassard - Panthers : 1 - BlueJackets : 3.
19:10 of 1st period - David Desharnais wins face-off versus Brad Boyes in neutral zone.
19:33 of 1st period - Snap shot by Josh Bailey.
19:33 of 1st period - Goal by Josh Bailey - Panthers : 2 - BlueJackets : 3.
19:34 of 1st period - Shawn Horcoff wins face-off versus Derick Brassard in neutral zone.
19:59 of 1st period - Snap shot by Brent Burns.
19:59 of 1st period - Stopped by Martin Biron with a rebound.
Goals for this period are 2 for Panthers vs 3 for BlueJackets.
Shots for this period are 10 for Panthers vs 7 for BlueJackets.

2nd period


0:01 of 2nd period - Derick Brassard wins face-off versus Brad Boyes in neutral zone.
0:58 of 2nd period - Jakob Silfverberg is hit by Erik Cole and loses puck.
1:13 of 2nd period - Wrist shot by Jakob Silfverberg.
1:13 of 2nd period - Shot Blocked by Tobias Enstrom.
1:15 of 2nd period - Snap shot by Seth Jones.
1:15 of 2nd period - Shot Blocked by Vincent Lecavalier.
1:17 of 2nd period - Snap shot by Shawn Horcoff.
1:17 of 2nd period - Shot Misses the Net.
1:19 of 2nd period - Snap shot by Shawn Horcoff.
1:19 of 2nd period - Stopped by Joni Ortio without a rebound.
1:20 of 2nd period - David Desharnais wins face-off versus Alex Galchenyuk in BlueJackets zone.
1:30 of 2nd period - Slapshot by Seth Jones.
1:30 of 2nd period - Shot Blocked by David Savard.
1:44 of 2nd period - Wrist shot by David Booth.
1:44 of 2nd period - Stopped by Joni Ortio without a rebound.
1:45 of 2nd period - Nino Niederreiter wins face-off versus Derick Brassard in BlueJackets zone.
1:50 of 2nd period - Snap shot by Brad Boyes.
1:50 of 2nd period - Shot Blocked by Kevin Klein.
1:58 of 2nd period - Snap shot by Nino Niederreiter.
1:58 of 2nd period - Stopped by Joni Ortio without a rebound.
1:59 of 2nd period - Derick Brassard wins face-off versus Nino Niederreiter in BlueJackets zone.
2:16 of 2nd period - Slapshot by Jake Gardiner.
2:16 of 2nd period - Shot Blocked by Andrej Meszaros.
2:18 of 2nd period - Slapshot by Paul Ranger.
2:18 of 2nd period - Stopped by Joni Ortio without a rebound.
2:19 of 2nd period - Vincent Lecavalier wins face-off versus Shawn Horcoff in BlueJackets zone.
2:24 of 2nd period - Dustin Penner is hit by Erik Cole and loses puck.
2:56 of 2nd period - Minor Penalty to Jakob Silfverberg for Roughing.
2:57 of 2nd period - Derick Brassard wins face-off versus Mats Zuccarello in Panthers zone.
2:59 of 2nd period - Snap shot by Justin Williams.
2:59 of 2nd period - Shot Misses the Net.
3:01 of 2nd period - Snap shot by Brent Burns.
3:01 of 2nd period - Goal by Brent Burns - Panthers : 2 - BlueJackets : 4.
3:01 of 2nd period - Cal Heeter enters game.
3:02 of 2nd period - Brad Boyes wins face-off versus Brent Burns in neutral zone.
3:36 of 2nd period - Minor Penalty to Brad Boyes for Hooking.
3:37 of 2nd period - David Desharnais wins face-off versus Mats Zuccarello in Panthers zone.
3:47 of 2nd period - Slapshot by Teddy Purcell.
3:47 of 2nd period - Goal by Teddy Purcell - Panthers : 2 - BlueJackets : 5.
3:48 of 2nd period - Shawn Horcoff wins face-off versus Derick Brassard in neutral zone.
4:49 of 2nd period - Seth Jones is hit by Erik Cole.
5:07 of 2nd period - Seth Jones is hit by Andrew Ference and loses puck.
5:38 of 2nd period - Snap shot by Alex Galchenyuk.
5:38 of 2nd period - Stopped by Joni Ortio without a rebound.
5:39 of 2nd period - David Desharnais wins face-off versus Nino Niederreiter in BlueJackets zone.
5:52 of 2nd period - Antoine Roussel is hit by Colin McDonald and loses puck.
6:32 of 2nd period - Kevin Klein is hit by Joe Colborne and loses puck.
6:39 of 2nd period - Snap shot by Brent Burns.
6:39 of 2nd period - Shot Blocked by Jake Gardiner.
6:41 of 2nd period - Slapshot by Kevin Klein.
6:41 of 2nd period - Stopped by Cal Heeter with a rebound.
6:43 of 2nd period - Backhand shot by Andrej Meszaros.
6:43 of 2nd period - Goal by Andrej Meszaros - Panthers : 2 - BlueJackets : 6.
6:44 of 2nd period - Vincent Lecavalier wins face-off versus Shawn Horcoff in neutral zone.
6:49 of 2nd period - Slapshot by Andrej Meszaros.
6:49 of 2nd period - Shot Blocked by Seth Jones.
7:05 of 2nd period - Backhand shot by Shawn Horcoff.
7:05 of 2nd period - Shot Misses the Net.
7:31 of 2nd period - Snap shot by Alex Galchenyuk.
7:31 of 2nd period - Goal by Alex Galchenyuk - Panthers : 3 - BlueJackets : 6.
7:32 of 2nd period - Derick Brassard wins face-off versus Brad Boyes in neutral zone.
7:34 of 2nd period - Off-side.
7:35 of 2nd period - Derick Brassard wins face-off versus Josh Bailey in neutral zone.
7:52 of 2nd period - Wrist shot by Josh Bailey.
7:52 of 2nd period - Deflect By Mats Zuccarello.
7:52 of 2nd period - Shot Misses the Net.
7:52 of 2nd period - Puck is out of play.
7:53 of 2nd period - David Desharnais wins face-off versus Shawn Horcoff in BlueJackets zone.
8:10 of 2nd period - Snap shot by Jakob Silfverberg.
8:10 of 2nd period - Stopped by Joni Ortio with a rebound.
8:12 of 2nd period - Slapshot by Seth Jones.
8:12 of 2nd period - Stopped by Joni Ortio without a rebound.
8:13 of 2nd period - David Desharnais wins face-off versus Shawn Horcoff in BlueJackets zone.
8:22 of 2nd period - Wrist shot by Gabriel Bourque.
8:22 of 2nd period - Stopped by Cal Heeter with a rebound.
8:30 of 2nd period - Backhand shot by Jakob Silfverberg.
8:30 of 2nd period - Shot Blocked by David Savard.
8:32 of 2nd period - Slapshot by Seth Jones.
8:32 of 2nd period - Shot Misses the Net.
8:34 of 2nd period - Snap shot by Jakob Silfverberg.
8:34 of 2nd period - Shot Misses the Net.
8:36 of 2nd period - Slapshot by Marco Scandella.
8:36 of 2nd period - Stopped by Joni Ortio with a rebound.
8:38 of 2nd period - Snap shot by Jakob Silfverberg.
8:38 of 2nd period - Shot Misses the Net.
9:00 of 2nd period - Slapshot by Derick Brassard.
9:00 of 2nd period - Shot Misses the Net.
9:33 of 2nd period - Icing by Justin Williams.
9:34 of 2nd period - Alex Galchenyuk wins face-off versus Vincent Lecavalier in BlueJackets zone.
10:02 of 2nd period - Minor Penalty to Paul Ranger for Goalie Interference.
10:03 of 2nd period - Derick Brassard wins face-off versus Mats Zuccarello in Panthers zone.
10:10 of 2nd period - Backhand shot by Brent Burns.
10:10 of 2nd period - Shot Misses the Net.
10:12 of 2nd period - Snap shot by Justin Williams.
10:12 of 2nd period - Stopped by Cal Heeter with a rebound.
10:14 of 2nd period - Slapshot by Ron Hainsey.
10:14 of 2nd period - Goal by Ron Hainsey - Panthers : 3 - BlueJackets : 7.
10:15 of 2nd period - Derick Brassard wins face-off versus Brad Boyes in neutral zone.
10:42 of 2nd period - Slapshot by Josh Bailey.
10:42 of 2nd period - Goal by Josh Bailey - Panthers : 4 - BlueJackets : 7.
10:43 of 2nd period - Shawn Horcoff wins face-off versus Vincent Lecavalier in neutral zone.
10:45 of 2nd period - Jake Gardiner is hit by Tobias Enstrom and loses puck.
10:48 of 2nd period - Slapshot by Jake Gardiner.
10:48 of 2nd period - Goal by Jake Gardiner - Panthers : 5 - BlueJackets : 7.
10:49 of 2nd period - Derick Brassard wins face-off versus Brad Boyes in neutral zone.
11:04 of 2nd period - Backhand shot by Derick Brassard.
11:04 of 2nd period - Shot Blocked by Paul Ranger.
11:06 of 2nd period - Slapshot by Brent Burns.
11:06 of 2nd period - Stopped by Cal Heeter with a rebound.
11:08 of 2nd period - Snap shot by Derick Brassard.
11:08 of 2nd period - Goal by Derick Brassard - Panthers : 5 - BlueJackets : 8.
11:08 of 2nd period - Martin Biron enters game.
11:09 of 2nd period - Derick Brassard wins face-off versus Mats Zuccarello in neutral zone.
11:28 of 2nd period - Snap shot by Josh Bailey.
11:28 of 2nd period - Shot Misses the Net.
11:30 of 2nd period - Slapshot by Adam Larsson.
11:30 of 2nd period - Deflect By Brent Burns.
11:30 of 2nd period - Stopped by Joni Ortio without a rebound.
11:31 of 2nd period - Vincent Lecavalier wins face-off versus Shawn Horcoff in BlueJackets zone.
12:46 of 2nd period - Marco Scandella is hit by Justin Williams and loses puck.
13:11 of 2nd period - Slapshot by Andrej Meszaros.
13:11 of 2nd period - Stopped by Martin Biron with a rebound.
13:23 of 2nd period - Slapshot by Jake Gardiner.
13:23 of 2nd period - Stopped by Joni Ortio without a rebound.
13:24 of 2nd period - Nino Niederreiter wins face-off versus Vernon Fiddler in BlueJackets zone.
13:33 of 2nd period - Slapshot by Jake Gardiner.
13:33 of 2nd period - Shot Misses the Net.
14:11 of 2nd period - Snap shot by Erik Cole.
14:11 of 2nd period - Stopped by Martin Biron with a rebound.
14:13 of 2nd period - Wrist shot by David Savard.
14:13 of 2nd period - Stopped by Martin Biron with a rebound.
14:15 of 2nd period - Wrist shot by Vincent Lecavalier.
14:15 of 2nd period - Deflect By Erik Cole.
14:15 of 2nd period - Shot Blocked by Brad Boyes.
14:15 of 2nd period - Puck is out of play.
14:16 of 2nd period - Shawn Horcoff wins face-off versus Vincent Lecavalier in Panthers zone.
14:38 of 2nd period - Snap shot by Dustin Penner.
14:38 of 2nd period - Shot Hit the Post.
14:40 of 2nd period - Wrist shot by Jakob Silfverberg.
14:40 of 2nd period - Stopped by Joni Ortio with a rebound.
14:44 of 2nd period - Slapshot by Dustin Penner.
14:44 of 2nd period - Shot Blocked by Andrew Ference.
14:46 of 2nd period - Snap shot by Marco Scandella.
14:46 of 2nd period - Stopped by Joni Ortio without a rebound.
14:47 of 2nd period - David Desharnais wins face-off versus David Booth in BlueJackets zone.
14:54 of 2nd period - Backhand shot by Kevin Klein.
14:54 of 2nd period - Shot Misses the Net.
15:43 of 2nd period - Justin Williams is hit by Paul Ranger and loses puck.
15:52 of 2nd period - Snap shot by Dustin Penner.
15:52 of 2nd period - Shot Misses the Net.
15:54 of 2nd period - Snap shot by Jakob Silfverberg.
15:54 of 2nd period - Shot Blocked by Ron Hainsey.
16:24 of 2nd period - Snap shot by Josh Bailey.
16:24 of 2nd period - Shot Misses the Net.
16:28 of 2nd period - Snap shot by Mats Zuccarello.
16:28 of 2nd period - Shot Misses the Net.
16:40 of 2nd period - Brad Boyes is hit by Erik Cole and loses puck.
17:12 of 2nd period - Ryan Garbutt is hit by Simon Despres.
17:18 of 2nd period - Slapshot by Andrej Meszaros.
17:18 of 2nd period - Stopped by Martin Biron with a rebound.
18:45 of 2nd period - Wrist shot by Brent Burns.
18:45 of 2nd period - Shot Misses the Net.
18:47 of 2nd period - Backhand shot by Brent Burns.
18:47 of 2nd period - Shot Blocked by Adam Larsson.
18:59 of 2nd period - Wrist shot by David Desharnais.
18:59 of 2nd period - Shot Misses the Net.
19:01 of 2nd period - Snap shot by Antoine Roussel.
19:01 of 2nd period - Shot Misses the Net.
19:03 of 2nd period - Slapshot by Andrew Ference.
19:03 of 2nd period - Shot Misses the Net.
19:05 of 2nd period - Snap shot by David Desharnais.
19:05 of 2nd period - Shot Blocked by Jakob Silfverberg.
19:07 of 2nd period - Wrist shot by Andrew Ference.
19:07 of 2nd period - Shot Blocked by Adam Larsson.
19:09 of 2nd period - Slapshot by Andrew Ference.
19:09 of 2nd period - Shot Blocked by Adam Larsson.
19:29 of 2nd period - Marco Scandella is hit by Vincent Lecavalier and loses puck.
19:36 of 2nd period - Slapshot by Seth Jones.
19:36 of 2nd period - Shot Blocked by Brendan Smith.
19:38 of 2nd period - Slapshot by Seth Jones.
19:38 of 2nd period - Stopped by Joni Ortio with a rebound.
19:40 of 2nd period - Slapshot by Marco Scandella.
19:40 of 2nd period - Shot Misses the Net.
19:42 of 2nd period - Slapshot by Seth Jones.
19:42 of 2nd period - Deflect By Andrew Ference.
19:42 of 2nd period - Stopped by Joni Ortio with a rebound.
19:52 of 2nd period - Minor Penalty to Andrew Ference for Holding.
19:53 of 2nd period - Teddy Purcell wins face-off versus Brad Boyes in BlueJackets zone.
Goals for this period are 3 for Panthers vs 5 for BlueJackets.
Shots for this period are 17 for Panthers vs 13 for BlueJackets.

3rd period


0:01 of 3rd period - Brent Burns wins face-off versus Brad Boyes in neutral zone.
0:04 of 3rd period - Wrist shot by Tobias Enstrom.
0:04 of 3rd period - Deflect By Teddy Purcell.
0:04 of 3rd period - Shot Misses the Net.
0:04 of 3rd period - Puck is out of play.
0:05 of 3rd period - Brent Burns wins face-off versus Brad Boyes in Panthers zone.
0:22 of 3rd period - Slapshot by Josh Bailey.
0:22 of 3rd period - Shot Misses the Net.
0:24 of 3rd period - Slapshot by Seth Jones.
0:24 of 3rd period - Shot Misses the Net.
0:59 of 3rd period - Tobias Enstrom is hit by Seth Jones and loses puck.
1:44 of 3rd period - Wrist shot by Josh Bailey.
1:44 of 3rd period - Shot Misses the Net.
1:52 of 3rd period - Penalty to Andrew Ference is over, Andrew Ference is back on ice.
1:59 of 3rd period - Snap shot by Antoine Roussel.
1:59 of 3rd period - Stopped by Martin Biron without a rebound.
2:00 of 3rd period - David Desharnais wins face-off versus Shawn Horcoff in Panthers zone.
2:31 of 3rd period - Backhand shot by David Savard.
2:31 of 3rd period - Shot Misses the Net.
2:49 of 3rd period - Brendan Smith is hit by Joe Colborne and loses puck.
3:42 of 3rd period - Minor Penalty to Brendan Smith for Tripping.
3:43 of 3rd period - Brad Boyes wins face-off versus Brent Burns in BlueJackets zone.
3:47 of 3rd period - Slapshot by Seth Jones.
3:47 of 3rd period - Shot Blocked by Andrej Meszaros.
3:49 of 3rd period - Slapshot by Seth Jones.
3:49 of 3rd period - Goal by Seth Jones - Panthers : 6 - BlueJackets : 8.
3:50 of 3rd period - Alex Galchenyuk wins face-off versus Vincent Lecavalier in neutral zone.
4:36 of 3rd period - Minor Penalty to Shawn Horcoff for Cross-checking.
4:37 of 3rd period - Mats Zuccarello wins face-off versus Derick Brassard in Panthers zone.
5:29 of 3rd period - Snap shot by David Desharnais.
5:29 of 3rd period - Shot Misses the Net.
5:36 of 3rd period - Icing by Erik Cole.
5:37 of 3rd period - David Desharnais wins face-off versus Mats Zuccarello in BlueJackets zone.
5:42 of 3rd period - Wrist shot by Tobias Enstrom.
5:42 of 3rd period - Shot Blocked by Adam Larsson.
6:06 of 3rd period - Wrist shot by Brent Burns.
6:06 of 3rd period - Shot Misses the Net.
6:08 of 3rd period - Slapshot by Andrew Ference.
6:08 of 3rd period - Shot Misses the Net.
6:10 of 3rd period - Slapshot by Tobias Enstrom.
6:10 of 3rd period - Shot Misses the Net.
6:12 of 3rd period - Snap shot by Justin Williams.
6:12 of 3rd period - Shot Misses the Net.
6:36 of 3rd period - Penalty to Shawn Horcoff is over, Shawn Horcoff is back on ice.
6:52 of 3rd period - Snap shot by David Desharnais.
6:52 of 3rd period - Stopped by Martin Biron with a rebound.
7:03 of 3rd period - Slapshot by Andrej Meszaros.
7:03 of 3rd period - Stopped by Martin Biron with a rebound.
7:09 of 3rd period - Seth Jones is hit by David Desharnais and loses puck.
7:33 of 3rd period - Off-side.
7:34 of 3rd period - Shawn Horcoff wins face-off versus Vincent Lecavalier in neutral zone.
7:37 of 3rd period - Snap shot by Jake Gardiner.
7:37 of 3rd period - Shot Misses the Net.
7:39 of 3rd period - Slapshot by Jake Gardiner.
7:39 of 3rd period - Stopped by Joni Ortio without a rebound.
7:40 of 3rd period - Shawn Horcoff wins face-off versus Vincent Lecavalier in BlueJackets zone.
8:53 of 3rd period - David Booth is hit by Brent Burns and loses puck.
9:06 of 3rd period - Jake Gardiner is hit by Derick Brassard and loses puck.
9:17 of 3rd period - Snap shot by Brad Boyes.
9:17 of 3rd period - Stopped by Joni Ortio with a rebound.
9:46 of 3rd period - Ron Hainsey is hit by Dustin Penner and loses puck.
10:25 of 3rd period - Kevin Klein is hit by Brad Boyes.
10:55 of 3rd period - Slapshot by Brent Burns.
10:55 of 3rd period - Shot Misses the Net.
11:18 of 3rd period - Paul Ranger is hit by Andrej Meszaros and loses puck.
11:25 of 3rd period - Antoine Roussel is hit by Shawn Horcoff and loses puck.
12:04 of 3rd period - Andrew Ference is hit by Nino Niederreiter and loses puck.
12:15 of 3rd period - David Booth is hit by Brent Burns and loses puck.
12:28 of 3rd period - Jake Gardiner is hit by Gabriel Bourque and loses puck.
13:19 of 3rd period - Minor Penalty to Paul Ranger for Hooking.
13:20 of 3rd period - David Desharnais wins face-off versus Mats Zuccarello in Panthers zone.
14:27 of 3rd period - Shawn Horcoff is hit by Antoine Roussel and loses puck.
14:51 of 3rd period - Snap shot by Andrew Ference.
14:51 of 3rd period - Shot Misses the Net.
15:19 of 3rd period - Penalty to Paul Ranger is over, Paul Ranger is back on ice.
16:00 of 3rd period - Minor Penalty to Shawn Horcoff for Holding.
16:01 of 3rd period - Derick Brassard wins face-off versus Mats Zuccarello in Panthers zone.
16:03 of 3rd period - Snap shot by Derick Brassard.
16:03 of 3rd period - Shot Misses the Net.
16:05 of 3rd period - Slapshot by Tobias Enstrom.
16:05 of 3rd period - Stopped by Martin Biron with a rebound.
16:07 of 3rd period - Slapshot by Andrew Ference.
16:07 of 3rd period - Shot Blocked by Paul Ranger.
16:09 of 3rd period - Slapshot by Tobias Enstrom.
16:09 of 3rd period - Shot Blocked by Adam Larsson.
16:11 of 3rd period - Wrist shot by Justin Williams.
16:11 of 3rd period - Stopped by Martin Biron with a rebound.
16:13 of 3rd period - Snap shot by Justin Williams.
16:13 of 3rd period - Deflect By Derick Brassard.
16:13 of 3rd period - Shot Misses the Net.
16:13 of 3rd period - Puck is out of play.
16:14 of 3rd period - Derick Brassard wins face-off versus Mats Zuccarello in Panthers zone.
17:49 of 3rd period - Jake Gardiner is hit by Andrew Ference and loses puck.
18:00 of 3rd period - Penalty to Shawn Horcoff is over, Shawn Horcoff is back on ice.
18:05 of 3rd period - Off-side.
18:06 of 3rd period - Shawn Horcoff wins face-off versus David Desharnais in neutral zone.
18:29 of 3rd period - Shawn Horcoff is hit by Andrej Meszaros and loses puck.
18:42 of 3rd period - Kevin Klein is hit by Shawn Horcoff and loses puck.
19:27 of 3rd period - Wrist shot by Antoine Roussel.
19:27 of 3rd period - Stopped by Martin Biron without a rebound.
19:28 of 3rd period - Gabriel Bourque wins face-off versus Alex Galchenyuk in Panthers zone.
19:29 of 3rd period - Snap shot by David Desharnais.
19:29 of 3rd period - Deflect By Antoine Roussel.
19:29 of 3rd period - Stopped by Martin Biron without a rebound.
19:30 of 3rd period - David Desharnais wins face-off versus Joe Colborne in Panthers zone.
Goals for this period are 1 for Panthers vs 0 for BlueJackets.
Shots for this period are 3 for Panthers vs 7 for BlueJackets.


Output by the SimonT Hockey Simulator (STHS) for Eric Dolegowski -- Original Page W3C XHTML 1.0 Valid
Hockey Simulator - Hockey Simulation - Hockey Manager